 Dungeon Crawl Stone Soup version 0.31-a0-833-gc15d34cb79 (webtiles) character file.

Game seed: 8293382760280465499

1358 GilGalad the Ducker (level 8, -2/67 HPs)
             Began as a Gnoll Monk on Sept 25, 2023.
             Was an Initiate of Gozag.
             Slain by a hornet (13 damage)
             ... on level 7 of the Dungeon.
             The game lasted 00:20:17 (9482 turns).

GilGalad the Ducker (Gnoll Monk)                    Turns: 9482, Time: 00:20:17

Health: -2/67      AC:  6    Str: 10    XL:     8   Next: 64%
Magic:  13/13      EV: 15    Int: 11    God:    Gozag
Gold:   506        SH:  0    Dex: 16    Spells: 14/14 levels left

rFire   . . .        L - +0 arbalest
rCold   . . .        (shield currently unavailable)
rNeg    . . .        F - +0 leather armour
rPois   .            (no helmet)
rElec   .            k - +0 cloak
rCorr   .            G - +0 pair of gloves
SInv    .            i - +0 pair of boots
Will    .....        (no amulet)
Stlth   ++           (no ring)
HPRegen 0.31/turn    (no ring)
MPRegen 0.13/turn

%: no passive effects
@: lethally poisoned (-2 -> -15), about to teleport, slowed, very slow
A: fangs 1, strong nose, distributed training
a: Renounce Religion, Potion Petition, Call Merchant, Bribe Branch


You were on level 7 of the Dungeon.
You worshipped Gozag.
Gozag was pleased with you.
You visited 2 branches of the dungeon, and saw 8 of its levels.
You also visited: Sewer.

You collected 506 gold pieces.

Inventory:

Hand Weapons
 a - a +0 short sword
 h - a +3 dagger
 p - a +0 trident
 q - a +0 dagger of venom
 L - a +0 arbalest (weapon)
Armour
 b - a +0 robe
 d - an orb of light
 i - a +0 pair of boots (worn)
 k - a +0 cloak (worn)
 E - a +2 plate armour of poison resistance
 F - a +0 leather armour (worn)
 G - a +0 pair of gloves (worn)
Jewellery
 B - the amulet of Oquet {Reflect rElec rF- Int+2 SH+5 SInv}
   (You found it on level 6 of the Dungeon)

   [amulet of reflection]

   Reflect:   It reflects blocked missile attacks.
   Int+2:     It affects your intelligence (+2).
   rF-:       It makes you vulnerable to fire.
   rElec:     It insulates you from electricity.
   SInv:      It lets you see invisible.
   SH+5:      It affects your SH (+5).
Wands
 n - a wand of polymorph (1)
 D - a wand of acid (8)
 I - a wand of mindburst (12)
Scrolls
 e - 3 scrolls of fog {unknown}
 f - a scroll of vulnerability {unknown}
 g - a scroll of teleportation
 j - 8 scrolls of poison
 u - 3 scrolls of amnesia {unknown}
 v - 2 scrolls of immolation {unknown}
 w - a scroll of brand weapon {unknown}
 y - a scroll of butterflies {unknown}
 z - 3 scrolls of blinking {unknown}
 H - a scroll of acquirement {unknown}
 J - 3 scrolls of enchant weapon {unknown}
 K - a scroll of silence {unknown}
Potions
 c - a potion of ambrosia
 l - 4 potions of brilliance
 m - a potion of berserk rage {unknown}
 o - a potion of attraction {unknown}
 r - 2 potions of mutation
 s - 2 potions of might {unknown}
 t - a potion of cancellation {unknown}
 x - 3 potions of curing {unknown}
 A - 3 potions of heal wounds {unknown}
 C - a potion of enlightenment {unknown}


   Skills:
 + Level 7.5 Fighting
 + Level 7.5 Short Blades
 + Level 3.5 Long Blades
 + Level 3.5 Axes
 + Level 3.5 Maces & Flails
 + Level 3.5 Polearms
 + Level 3.5 Staves
 + Level 3.5 Ranged Weapons
 + Level 3.5 Throwing
 + Level 3.5 Armour
 + Level 7.5 Dodging
 + Level 3.5 Stealth
 + Level 3.5 Shields
 + Level 3.5 Unarmed Combat
 + Level 3.5 Spellcasting
 + Level 2.9 Conjurations
 + Level 2.9 Hexes
 + Level 2.9 Summonings
 + Level 2.9 Necromancy
 + Level 2.9 Translocations
 + Level 2.9 Transmutations
 + Level 2.9 Fire Magic
 + Level 2.9 Ice Magic
 + Level 2.9 Air Magic
 + Level 2.9 Earth Magic
 + Level 2.9 Poison Magic
 + Level 3.9 Invocations
 + Level 3.5 Evocations
 + Level 3.2 Shapeshifting


You had 14 spell levels left.
You didn't know any spells.
Your spell library contained the following spells:

 Spells                   Type           Power      Damage    Failure   Level
 Apportation              Tloc           16%        N/A       10%         1
 Blink                    Tloc           16%        N/A       16%         2
 Cigotuvi's Dreadful Rot  Necr/Pois/Air  16%        N/A       16%         2
 Ensorcelled Hibernation  Hex/Ice        16%        N/A       16%         2
 Jinxbite                 Hex            16%        N/A       16%         2
 Lesser Beckoning         Tloc           16%        N/A       16%         2
 Momentum Strike          Conj/Tloc      16%        3d8       16%         2
 Passwall                 Tmut/Erth      6%         N/A       16%         2
 Poisonous Vapours        Pois/Air       16%        N/A       16%         2
 Sublimation of Blood     Necr           8%         N/A       16%         2
 Wereblood                Tmut           8%         N/A       16%         2
 Ignite Poison            Fire/Tmut/Pois 8%         N/A       30%         3
 Mephitic Cloud           Conj/Pois/Air  8%         N/A       30%         3
 Swiftness                Air            8%         N/A       30%         3
 Alistair's Intoxication  Tmut/Pois      5%         N/A       95%         5
 Freezing Cloud           Conj/Ice/Air   4%         6-21      95%         5
 Summon Hydra             Summ           4%         N/A       100%        7


Dungeon Overview and Level Annotations

Branches:
Dungeon (7/15)             Temple (1/1) D:6           Sewer (visited)

Altars:
Ashenzari
Cheibriados
Elyvilon
Fedhas
Gozag
Hepliaklqana
Kikubaaqudgha
Nemelex Xobeh
Ru
Trog
Uskayaw
Vehumet
Wu Jian
Yredelemnul
Zin
The Shining One

Shops:
D:1 (   D:7 **[

Annotations:
D:3 exclusion: black bear
D:4 exclusion: ogre


Innate Abilities, Weirdness & Mutations

You have very sharp teeth.
Your uncanny sense of smell can sniff out nearby items.
Your experience applies equally to all skills.


Message History

There is an open door here.
Done exploring.
Done exploring.
Done exploring.
Things that are here:
a +0 giant club; a +0 giant club You open the door.
There is an open door here.
There is an open door here.
There is a stone staircase leading down here.
You climb downwards.
There is a stone staircase leading up here.
A hornet is nearby!
You shoot a bolt. The hornet buzzes angrily.
The bolt hits the hornet!
The hornet is moderately wounded.
You hear a shout!
You shoot a bolt. The bolt hits the hornet!
The hornet is heavily wounded.
The hornet stings you!
You are poisoned.
You suddenly lose the ability to move!
You feel very sick. The hornet stings you!
You feel yourself slow down. The hornet stings you.
You feel as though you will be slow longer.
You feel very sick. The hornet stings you.
You feel as though you will be slow longer.
You can move again.
As you read the scroll of teleportation, it crumbles to dust.
You feel strangely unstable.
You feel very sick. The hornet stings you!
* * * LOW HITPOINT WARNING * * *
You are lethally poisoned!
You feel as though you will be slow longer.
The hornet closely misses you. The hornet stings you!
You die...
Your body crumbles into a pile of gold.

###..#######.......#
#+## ##.......'.......#
... #.......##......##
.....
####.......##......#
.......
#..........##......#
#........
#.#.........#......#
+.J..y####
...........)...#...#
#....c#
#.#........##..<##.##.#
#.##........)...@y....#
#..................####
#.......>.........>#
+......<..........##
#.............#+###
#.............#
........#####.#
........# .# ........#


You could see a hornet.

Vanquished Creatures
  A water moccasin (D:5)
  An ice beast (D:5)
  2 ogres (D:6)
  A tengu (D:5)
  A kobold brigand (D:7)
  2 bullfrogs
  2 scorpions
  A howler monkey (D:5)
  2 jellies (D:6)
  A hound (D:4)
  Crazy Yiuf (D:4)
  4 iguanas
  3 orc wizards
  3 gnolls (D:5)
  An adder (D:3)
  5 river rats (Sewer)
  3 shadow imps (D:6)
  A white imp (D:5)
  A worm (D:2)
  3 dart slugs (D:1)
  13 orcs
  11 endoplasms
  3 giant cockroaches
  9 goblins
  8 hobgoblins
  4 jackals (D:1)
  24 kobolds
  4 quokkas
  10 ball pythons
  6 bats
  4 frilled lizards
  21 rats
156 creatures vanquished.

Notes
Turn   | Place    | Note
-------+----------+-------------------------------------------
     0 | D:1      | GilGalad the Gnoll Monk began the quest for the Orb.
     0 | D:1      | Reached XP level 1. HP: 23/23 MP: 1/1
   126 | D:1      | Reached XP level 2. HP: 25/29 MP: 2/2
   406 | D:1      | Reached XP level 3. HP: 30/35 MP: 3/3
   630 | D:1      | Found Haoh's Weapon Boutique.
   651 | D:1      | Reached skill level 1 in Invocations
  1116 | D:2      | Reached skill level 1 in Long Blades
  1116 | D:2      | Reached skill level 1 in Axes
  1116 | D:2      | Reached skill level 1 in Maces & Flails
  1116 | D:2      | Reached skill level 1 in Polearms
  1116 | D:2      | Reached skill level 1 in Staves
  1116 | D:2      | Reached skill level 1 in Ranged Weapons
  1116 | D:2      | Reached skill level 1 in Throwing
  1116 | D:2      | Reached skill level 1 in Armour
  1116 | D:2      | Reached skill level 1 in Stealth
  1116 | D:2      | Reached skill level 1 in Shields
  1116 | D:2      | Reached skill level 1 in Unarmed Combat
  1116 | D:2      | Reached skill level 1 in Spellcasting
  1116 | D:2      | Reached skill level 1 in Evocations
  1231 | D:2      | Found an ancient bone altar of Kikubaaqudgha.
  1345 | D:2      | Reached XP level 4. HP: 41/41 MP: 5/5
  1370 | D:2      | Reached skill level 1 in Shapeshifting
  2025 | D:3      | Found a glowing drain.
  2043 | Sewer    | Entered a sewer
  2084 | Sewer    | Reached skill level 1 in Conjurations
  2084 | Sewer    | Reached skill level 1 in Hexes
  2084 | Sewer    | Reached skill level 1 in Summonings
  2084 | Sewer    | Reached skill level 1 in Necromancy
  2084 | Sewer    | Reached skill level 1 in Translocations
  2084 | Sewer    | Reached skill level 1 in Transmutations
  2084 | Sewer    | Reached skill level 1 in Fire Magic
  2084 | Sewer    | Reached skill level 1 in Ice Magic
  2084 | Sewer    | Reached skill level 1 in Air Magic
  2084 | Sewer    | Reached skill level 1 in Earth Magic
  2084 | Sewer    | Reached skill level 1 in Poison Magic
  2482 | Sewer    | Reached XP level 5. HP: 31/47 MP: 6/6
  3058 | D:3      | Found a sacrificial altar of Ru.
  3076 | D:3      | Noticed Jessica
  3104 | D:3      | Jessica changed into Jessica the ball python
  3104 | D:3      | Noticed Jessica
  3105 | D:3      | Killed Jessica the ball python
  3295 | D:3      | Noticed a black bear
  4157 | D:4      | Noticed an ogre
  4191 | D:4      | Reached XP level 6. HP: 40/53 MP: 8/8
  4295 | D:4      | Found a runed translucent door.
  4296 | D:4      | Noticed Crazy Yiuf
  4549 | D:4      | Killed Crazy Yiuf
  4774 | D:5      | Entered Level 5 of the Dungeon
  5209 | D:5      | Noticed an ice beast
  5233 | D:5      | Killed an ice beast
  5234 | D:5      | Reached XP level 7. HP: 39/60 MP: 10/10
  6607 | D:5      | Reached XP level 8. HP: 65/67 MP: 12/12
  6910 | D:6      | Identified the amulet of Oquet {Reflect rElec rF- Int+2
                  | SH+5 SInv}
  6921 | D:6      | Found a staircase to the Ecumenical Temple.
  6927 | Temple   | Entered the Ecumenical Temple
  6936 | Temple   | Became a worshipper of Gozag Ym Sagoz the Greedy
  8316 | D:7      | Found Umor Kyw's Assorted Antiques.
  8342 | D:7      | Found Cunenuef's Armour Shop.
  8534 | D:7      | Found Jociskurch's General Store.
  8681 | D:7      | Noticed a hornet
  9341 | D:6      | Found a staircase to the Ecumenical Temple.
  9479 | D:7      | Paralysed by a hornet for 3 turns
  9482 | D:7      | Slain by a hornet

Illustrated notes

Levels and vault maps discovered:
D:1:      saegor_arrival_under_anarchy, layout_basic, serial_shops,
          nicolae_diamond_shop
D:2:      layout_basic, basic_altar, eino_tiny_chamber
D:3:      layout_basic, mainiacjoe_overflow_24_doors, portal_sewer_entry_d,
          guppyfry_early_lair_pool, uniq_jessica
D:4:      layout_loops_corners, uniq_crazy_yiuf_cottage
D:5:      layout_layer_cave
D:6:      layout_loops_ring, minmay_temple_entry_hall
D:7:      layout_basic, serial_shops, nicolae_shop_statue_plus, shop,
          nicolae_shop_rolling_square
Temple:   hellmonk_temple_two_chambers

Skill      XL: |  1  2  3  4  5  6  7  8 |
---------------+-------------------------+-----
Invocations    | 1 2 3 |  3.9
Long Blades    | 1 2 3 |  3.5
Axes           | 1 2 3 |  3.5
Maces & Flails | 1 2 3 |  3.5
Polearms       | 1 2 3 |  3.5
Staves         | 1 2 3 |  3.5
Ranged Weapons | 1 2 3 |  3.5
Throwing       | 1 2 3 |  3.5
Armour         | 1 2 3 |  3.5
Stealth        | 1 2 3 |  3.5
Shields        | 1 2 3 |  3.5
Unarmed Combat | 1 2 3 |  3.5
Spellcasting   | 1 2 3 |  3.5
Evocations     | 1 2 3 |  3.5
Shapeshifting  | 1 2 3 |  3.2
Conjurations   | 1 2 |  2.9
Hexes          | 1 2 |  2.9
Summonings     | 1 2 |  2.9
Necromancy     | 1 2 |  2.9
Translocations | 1 2 |  2.9
Transmutations | 1 2 |  2.9
Fire Magic     | 1 2 |  2.9
Ice Magic      | 1 2 |  2.9
Air Magic      | 1 2 |  2.9
Earth Magic    | 1 2 |  2.9
Poison Magic   | 1 2 |  2.9
Fighting       | 7 |  7.5
Short Blades   | 7 |  7.5
Dodging        | 7 |  7.5

Action                     |  1- 3 |  4- 6 |  7- 9 || total
---------------------------+-------+-------+-------++-------
  Melee: Short sword       |    31 |       |       ||    31
         Bite              |    11 |    32 |    44 ||    87
         Dagger            |    80 |   273 |   242 ||   595
   Fire: Arbalest          |       |       |     6 ||     6
  Evoke: Wand              |       |     5 |       ||     5
    Use: Scroll            |       |     4 |     2 ||     6
         Potion            |       |     1 |       ||     1
   Stab: Sleeping          |       |     1 |       ||     1
 Armour: Robe              |    19 |    80 |    41 ||   140
         Leather armour    |       |       |    27 ||    27
  Dodge: Dodged            |    53 |   143 |   109 ||   305

Table legend: (Time is in decaauts)
 A = Elapsed time spent in this place.
 B = Non-inter-level travel time spent in this place.
 C = Inter-level travel time spent in this place.
 D = Time resting spent in this place.
 E = Time spent auto-exploring this place.
 F = Levels seen in this place.
 G = Mean time per level.
                   A        B        C        D        E       F      G
               +--------+--------+--------+--------+--------+-----+--------+
         Total |   9304 |   8508 |    796 |    393 |   6731 |   9 | 1033.8 |
       Dungeon |   8344 |   7556 |    788 |    284 |   6121 |   7 | 1192.0 |
        Temple |     18 |     10 |      8 |      0 |      0 |   1 |   18.0 |
         Sewer |    941 |    941 |      0 |    109 |    610 |   1 |  941.0 |
               +--------+--------+--------+--------+--------+-----+--------+

Top non-repeatable levels by time:
     D:5: 2034 daAuts
     D:6: 1708 daAuts
     D:4: 1325 daAuts
     D:2: 1104 daAuts
     D:1: 1047 daAuts
   Sewer: 941 daAuts
     D:3: 665 daAuts
     D:7: 458 daAuts
  Temple: 18 daAuts
